 Dungeon Crawl Stone Soup version 0.28.0-45-g0d030f2227 (webtiles) character file.

Game seed: 1867935229924828848

39 zeratav the Insei (level 3, -1/23 HPs)
             Began as an Octopode Transmuter on Apr 7, 2022.
             Killed from afar by Sigmund (5 damage)
             ... with a magic dart
             ... on level 2 of the Dungeon.
             The game lasted 00:02:24 (1576 turns).

zeratav the Insei (Octopode Transmuter)             Turns: 1576, Time: 00:02:24

Health: -1/23      AC:  1    Str:  9    XL:     3   Next: 47%
Magic:  6/6        EV: 13    Int: 15    God:
Gold:   66         SH:  0    Dex: 14    Spells: 5/6 levels left

rFire   . . .      SeeInvis .   d - +1 short sword (protect) {short}
rCold   . . .      Faith    .   (no shield)
rNeg    . . .      Spirit   .   (helmet restricted)
rPois   .          Reflect  .   (no amulet)
rElec   .          Harm     .   (no ring)
rCorr   .          Rampage  .   (no ring)
Will    .....                   (no ring)
Stlth   ++........              (no ring)
HPRegen 0.07/turn               (no ring)
MPRegen 0.10/turn               (no ring)
                                (no ring)
                                (no ring)

@: confused
A: almost no armour, amphibious, 8 rings, camouflage 1, gelatinous body 1,
(nimble swimmer 1), tentacles
a: no special abilities


You were on level 2 of the Dungeon.
You visited 1 branch of the dungeon, and saw 2 of its levels.

You collected 66 gold pieces.


Innate Abilities, Weirdness & Mutations

You cannot wear most types of armour.
You are amphibious.
You can wear up to eight rings at the same time.
Your skin changes colour to match your surroundings (Stealth+).
Your rubbery body absorbs attacks. (AC +1, EV +1)
((You are camouflaged when in or above water. (Stealth+)))
You have tentacles for arms and can constrict up to eight enemies at once.


   Skills:
 + Level 1.6 Fighting
 + Level 2.4 Dodging
 + Level 1.7 Stealth
 * Level 3.6 Unarmed Combat
 - Level 2.0 Spellcasting
 - Level 2.0 Transmutations


You had 5 spell levels left.
You knew the following spells:

 Your Spells              Type           Power      Damage    Failure   Level
a - Beastly Appendage     Tmut           14%        N/A       10%         1

Your spell library contained the following spells:

 Spells                   Type           Power      Damage    Failure   Level
 Wereblood                Tmut           7%         N/A       14%         2
 Spider Form              Tmut/Pois      4%         N/A       41%         3
 Ice Form                 Ice/Tmut       4%         N/A       82%         4

Inventory:

Hand Weapons
 d - a +1 short sword of protection (weapon) {short}
   (You took it off a kobold on level 1 of the Dungeon)
Scrolls
 a - a scroll of fear {unknown}
 g - a scroll of vulnerability {unknown}
 h - a scroll of holy word {unknown}
Potions
 b - a potion of lignification {unknown}
 c - 2 potions of brilliance {unknown}
 e - 2 potions of resistance {unknown}
 f - a potion of invisibility {unknown}

Dungeon Overview and Level Annotations

Branches:
Dungeon (2/15)

Altars:

Annotations:
D:2 Sigmund

...... ####...###.....#
......#####.............##
........$...##).####....##
........######.#####.....#
........## #..........#.#
####.#...####...#........)
#......@#..).##[######..
#...........###.#######.
#.....#@........).##....
#........#...##.#..^.###
#.....#......##.#.......
#...†.##.........†..<###
###..................###
#.#...#......†........
...........†.......#..
.......###..........#..
... ....................


You could see Sigmund (fast).


Message History

You take 4 damage, and now have 17/23 hp.
You hit the hobgoblin.
You kill the hobgoblin!
The ball python bites you. The ball python barely misses you.
You hit the ball python. You grab the ball python.
You constrict the ball python. The ball python closely misses you.
The ball python barely misses you.
You hit the ball python.
You kill the ball python!
No target in view!
No target in view!
HP[-1]
You take 1 damage, and now have 16/23 hp.
No target in view!
No target in view!
No target in view!
No target in view!
One of your tentacles grows a vicious spike.
MP[-1]
You lost 1 mp, and now have 5/6 mp.
A giant cockroach comes into view.
You see here a ball python corpse.
Your transformation is almost over.
You hit the giant cockroach.
Your weapon exudes an aura of protection.
You grab the giant cockroach.
You constrict the giant cockroach, but do no damage.
The giant cockroach bites you but does no damage.
You hit the giant cockroach.
You kill the giant cockroach!
No target in view!
No target in view!
No target in view!
No target in view!
No target in view!
No target in view!
No target in view!
No target in view!
Your tentacle spike disappears.
You now have 56 gold pieces (gained 8).
You see here a hobgoblin corpse.
Things that are here:
a +0 dagger {short}; a kobold corpse; HP[+7] MP[+1]
Your hp is fully restored (23).
Your mp is fully restored (6).
A frilled lizard comes into view.
A frilled lizard is nearby!
One of your tentacles grows a vicious spike.
MP[-1]
You lost 1 mp, and now have 5/6 mp.
Sigmund the Dreaded comes into view.
He is wielding a +2 vampiric scythe.
Your transformation is almost over.
A kobold comes into view. It is wielding a +0 dagger.
The kobold shouts!
The kobold moves out of view.
The frilled lizard hisses angrily.
The frilled lizard barely misses you.
You miss the frilled lizard. Your grab misses the frilled lizard.
You squeeze the frilled lizard.
You kill the frilled lizard!
MP[+1]
Your mp is fully restored (6).
Sigmund shouts!
You see here 10 gold pieces.
You now have 66 gold pieces (gained 10).
Your tentacle spike disappears.
You barely miss the kobold. Your grab misses the kobold.
Your squeeze misses the kobold. The kobold closely misses you.
You hit the kobold but do no damage.
Your weapon exudes an aura of protection.
You grab the kobold. You constrict the kobold. The kobold barely misses you.
You hit the kobold.
You kill the kobold!
Sigmund drinks a potion.
Sigmund seems to speed up.
Sigmund gestures at you while chanting. You resist with significant effort.
You see here 8 gold pieces.
Sigmund casts a spell at you. The puff of flame hits you.
HP[-6]
You take 6 damage, and now have 17/23 hp.
MASSIVE DAMAGE!! (PAUSE) Unknown command.
Sigmund points at you and mumbles some strange words.
You are confused.
You bump into the rock wall.
Sigmund closely misses you.
You're too confused to move!
Sigmund screams, "Don't try to resist!"
Sigmund hits you from afar with a +2 vampiric scythe!
Ouch! That really hurt!
* * * LOW HITPOINT WARNING * * *
HP[-13]
You take 13 damage, and now have 4/23 hp.
MASSIVE DAMAGE!! (PAUSE)
You feel less confused. Sigmund gestures at you while chanting.
You are confused.
Sigmund points at you and mumbles some strange words.
The magic dart hits you.
You die...

Skill      XL: |  1  2 |
---------------+-------+-----
Stealth        | 1 |  1.7
Fighting       | |  1.6
Dodging        | |  2.4
Unarmed Combat | |  3.6
Spellcasting   | |  2.0
Transmutations | |  2.0

Action                   || total
-------------------------++-------
Melee: Unarmed           ||    28
       Kick              ||    16
       Constrict         ||    23
       Tentacles         ||    10
       Short sword       ||    32
 Cast: Beastly Appendage ||    23
 Stab: Sleeping          ||     6
Armor: Skin              ||     7
Dodge: Dodged            ||    33

Levels and vault maps discovered:
D:1:      giann_wishing_wells, layout_loops_ring
D:2:      layout_rooms, uniq_sigmund, uniq_terence

Notes
Turn   | Place    | Note
-------+----------+-------------------------------------------
     0 | D:1      | zeratav the Octopode Transmuter began the quest for the
                  | Orb.
     0 | D:1      | Reached XP level 1. HP: 13/13 MP: 3/3
     0 | D:1      | magus.rc [v1.9.6]
   192 | D:1      | Reached XP level 2. HP: 17/18 MP: 3/5
   398 | D:1      | Reached skill level 1 in Stealth
  1067 | D:1      | Reached XP level 3. HP: 23/23 MP: 6/6
  1544 | D:2      | Noticed Sigmund
  1573 | D:2      | HP: 4/23 [Sigmund/+2 vampiric scythe (13)]
  1576 | D:2      | Killed from afar by Sigmund

Vanquished Creatures
  A dart slug (D:1)
  3 bats
  An endoplasm (D:1)
  2 giant cockroaches
  3 goblins
  5 hobgoblins
  2 quokkas (D:1)
  3 ball pythons
  3 frilled lizards (D:2)
  7 kobolds
  4 rats (D:1)
34 creatures vanquished.

Table legend:
 A = Non-vault XP
 B = Vault XP
 C = Vault XP percentage of total XP
 D = Non-vault monster count
 E = Vault monster count
 F = Vault count percentage of total count
                 A         B        C        D         E       F
            +---------+---------+-------+---------+---------+-------
      Total |      57 |       0 |   0.0 |      34 |       0 |   0.0
            +---------+---------+-------+---------+---------+-------
        D:1 |      34 |       0 |   0.0 |      20 |       0 |   0.0
        D:2 |      23 |       0 |   0.0 |      14 |       0 |   0.0
            +---------+---------+-------+---------+---------+-------

Illustrated notes

Table legend:
 A = Kills in this place as a percentage of kills in entire the game.
 B = Kills by you in this place as a percentage of kills by you in the entire game.
 C = Kills by friends in this place as a percentage of kills by friends in the entire game.
 D = Other kills in this place as a percentage of other kills in the entire game.
 E = Experience gained in this place as a percentage of experience gained in the entire game.
 F = Experience gained in this place divided by the number of levels of this place that you have seen.
                   A       B       C       D       E      F
               +-------+-------+-------+-------+-------+----------------------
         Total | 100.0 | 100.0 |   N/A |   N/A | 100.0 |  28.5
       Dungeon | 100.0 | 100.0 |   N/A |   N/A | 100.0 |  28.5
               +-------+-------+-------+-------+-------+----------------------

Table legend: (Time is in decaauts)
 A = Elapsed time spent in this place.
 B = Non-inter-level travel time spent in this place.
 C = Inter-level travel time spent in this place.
 D = Time resting spent in this place.
 E = Time spent auto-exploring this place.
 F = Levels seen in this place.
 G = Mean time per level.
                   A        B        C        D        E       F      G
               +--------+--------+--------+--------+--------+-----+--------+
         Total |   1576 |   1548 |     28 |      0 |   1303 |   2 |  788.0 |
       Dungeon |   1576 |   1548 |     28 |      0 |   1303 |   2 |  788.0 |
               +--------+--------+--------+--------+--------+-----+--------+

Top non-repeatable levels by time:
     D:1: 1157 daAuts
     D:2: 419 daAuts
